AoeStats
← Kiritastrich

Arabia

503632461Analyzed
1v1 RM · 1mo ago on Sep 1, 2026· 28m 32s· 2 players
Game mode
Random Map
Map size
Tiny (2 player)
Population
200
Speed
Normal
Resources
Standard
Victory
Conquest
Starting age
Dark Age
Ending age
Imperial Age
RankedLock teamsTeams togetherTeam positionsShared explorationLock speedFull tech treeHidden civsTurbo modeCheats
Victory
Defeat
🇵🇰 Portuguese · Pakistan
1845
+16
🇷🇺 Hindustanis · Russia
1855
-16
Original
6:23 Loom
9:06 Feudal Age
10:35 Double-Bit Axe
19:18 Castle Age
17:31 Horse Collar
18:22 Gold Mining
19:40 Scale Barding Armor
19:45 Forging
26:33 Wheelbarrow
28:24 Fletching
Kiritastrich
9:56 Feudal Age
11:12 Loom
15:51 Castle Age
23:52 Grand Trunk Road
28:07 Scale Mail Armor
Connection lost

Rejoining the realm…

Still unreachable

The connection could not be restored.

Session expired

The server has moved on; the page needs a fresh start.